 Dungeon Crawl Stone Soup version 0.32-a0-779-g362cfca (webtiles) character file.

Game seed: 13737674489730626181

539 Anonymous1 the Chopper (level 7, -11/59 HPs)
             Began as a Mountain Dwarf Fighter on Mar 19, 2024.
             Was an Elder of Zin.
             Mangled by an orc warrior
             ... wielding a +0 morningstar
              (14 damage)
             ... on level 4 of the Dungeon.
             The game lasted 00:07:52 (3272 turns).

Anonymous1 the Chopper (Mountain Dwarf Fighter)     Turns: 3272, Time: 00:07:53

Health: -11/59     AC:  6    Str: 21    XL:     7   Next: 5%
Magic:  6/8        EV: 14    Int:  7    God:    Zin [****..]
Gold:   270        SH:  9    Dex: 10    Spells: 6/6 levels left

rFire   + . .        a - +0 war axe
rCold   + . .        c - +0 buckler
rNeg    + + .        g - +3 leather armour of the Journeyman {rPois rN+ Int-3}
rPois   ∞            (no helmet)
rElec   .            e - scarf {rC+ rF+}
rCorr   .            (no gloves)
SInv    .            (no boots)
Will    .....        n - amulet of reflection
Stlth   +            f - ring of positive energy
HPRegen 0.29/turn    k - +5 ring of evasion
MPRegen 0.11/turn

%: reflection
@: mighty, vitalised, weak-willed
A: runic magic, artefact enchanting
a: Renounce Religion, Recite, Vitalisation, Imprison, Donate Gold


You were on level 4 of the Dungeon.
You worshipped Zin.
Zin was greatly pleased with you.
You visited 1 branch of the dungeon, and saw 5 of its levels.

You collected 300 gold pieces.
You donated 30 gold pieces to Zin.

Inventory:

Hand Weapons
 a - a +0 war axe (weapon)
 s - a +1 hand axe of distortion
Missiles
 t - 3 datura-tipped darts
Armour
 c - a +0 buckler (worn)
 e - a scarf of resistance (worn)
 g - the +3 leather armour of the Journeyman (worn) {rPois rN+ Int-3}
   (You found it on level 3 of the Dungeon)

   Int-3:     It affects your intelligence (-3).
   rPois:     It protects you from poison.
   rN+:       It protects you from negative energy.
Jewellery
 f - a ring of positive energy (left hand)
 j - a ring of poison resistance
 k - a +5 ring of evasion (right hand)
 n - an amulet of reflection (around neck)
 q - an amulet of guardian spirit
Wands
 i - a wand of mindburst (1)
Scrolls
 r - a scroll of amnesia {unknown}
Potions
 b - 2 potions of lignification {unknown}
 h - a potion of attraction
 m - a potion of magic
 o - a potion of enlightenment


   Skills:
 + Level 4.2 Fighting
 * Level 7.2 Axes
 + Level 4.1 Armour
 + Level 4.5 Shields
 + Level 2.2 Invocations


You had 6 spell levels left.
You didn't know any spells.
Your spell library contained the following spells:

 Spells                   Type           Power      Damage    Failure   Level
 Blink                    Tloc           0%         N/A       65%         2
 Lesser Beckoning         Tloc           0%         N/A       65%         2
 Momentum Strike          Conj/Tloc      0%         3d8       65%         2
 Volatile Blastmotes      Fire/Tloc      0%         2d10      87%         3
 Fulminant Prism          Conj/Alch      0%         3d5       99%         4
 Iskenderun's Mystic Bla  Conj/Tloc      0%         2d3       99%         4


Dungeon Overview and Level Annotations

Branches:
Dungeon (5/15)
 Temple: D:4-7

Altars:
Makhleb
Okawaru
Qazlal
Zin

Shops:
D:2 =   D:3 ?


Innate Abilities, Weirdness & Mutations

Your spellcasting is much less encumbered by armour.
You can use scrolls of enchantment on lesser artefacts.


Message History

You block the orc's attack. The orc closely misses you.
You feel very mighty all of a sudden.
The orc warrior is lost in a daze.
The orc misses you. The orc priest closely misses you.
You block the orc's attack.
Unknown command.
Unknown command.
You slice the orc!!
You kill the orc!
You barely miss the orc. You slash the orc priest!
You kill the orc priest!
You block the orc's attack. The adder bites you.
The orc warrior unwields a +0 orcbow.
The orc warrior wields a +0 morningstar.
The orc warrior hits you with a +0 morningstar.
You have reached level 7!
You barely miss the adder. You slash the orc!
You kill the orc!
You hit the orc warrior. You block the adder's attack.
You block the orc warrior's attack.
Unknown command.
You barely miss the adder. You hit the orc warrior. The adder misses you.
The orc priest invokes the aid of Beogh against you.
Beogh smites you!
* * * LOW HITPOINT WARNING * * *
The adder misses you.
The orc warrior is lost in a daze.
Unknown command.
You closely miss the adder. You slash the orc warrior!
The orc warrior is no longer dazed.
The adder closely misses you. You block the orc warrior's attack.
Unknown command.
Zin grants you divine stamina. You block the adder's attack.
The orc warrior hits you with a +0 morningstar!
* * * LOW HITPOINT WARNING * * *
Unknown command.
You completely miss the adder. You slash the orc warrior!
You block the adder's attack. The adder bites you.
* * * LOW HITPOINT WARNING * * *
The orc warrior hits you with a +0 morningstar!
You die...

##......# #..# ...####.#
##.# .### .. #.# ..# #
#.# #....# #.####.## #
####..# #.......# .###
..# ..######...## .$...
#.## .......#..)#......
#..#########....@So.....
##....# ######o<...(.
####.# ####... ### ..
####


You could see an orc warrior (weak-willed), an orc priest (weak-willed) and an
adder (weak-willed).

Vanquished Creatures
  An ice beast (D:5)
  A scorpion (D:4)
  A jelly (D:4)
  An orc priest (D:4)
  A hound (D:5)
  2 orc wizards (D:5)
  Robin (D:4)
  13 adders
  2 ufetubi (D:5)
  A dart slug (D:3)
  4 ribbon worms
  5 orcs
  6 endoplasms
  A giant cockroach (D:2)
  6 hobgoblins
  7 jackals
  4 quokkas
  4 ball pythons
  5 bats
  3 frilled lizards
  20 goblins
  8 kobolds
  11 rats
108 creatures vanquished.

Notes
Turn   | Place    | Note
-------+----------+-------------------------------------------
     0 | D:1      | Anonymous1 the Mountain Dwarf Fighter began the quest for
                  | the Orb.
     0 | D:1      | Reached XP level 1. HP: 19/19 MP: 1/1
   263 | D:1      | Reached XP level 2. HP: 26/26 MP: 2/2
   423 | D:1      | Reached skill level 3 in Axes
   696 | D:1      | Reached XP level 3. HP: 31/31 MP: 3/3
   882 | D:2      | Found a burning altar of Makhleb.
  1039 | D:2      | Reached skill level 4 in Axes
  1183 | D:2      | Found Enucvoz's Jewellery Emporium.
  1185 | D:2      | Reached XP level 4. HP: 35/39 MP: 4/4
  1508 | D:2      | Found a faded altar of an unknown god.
  1529 | D:2      | Prayed at the altar of an unknown god.
  1529 | D:2      | Became a worshipper of Zin the Law-Giver
  1529 | D:2      | Reached * piety under Zin
  1751 | D:3      | Found Aryja's Magic Scroll Shoppe.
  1907 | D:3      | Identified the +3 leather armour of the Journeyman {rPois
                  | rN+ Int-3}
  1932 | D:3      | Reached ** piety under Zin
  1963 | D:3      | Reached skill level 5 in Axes
  2090 | D:3      | You fall into a shaft and drop 2 floors!
  2090 | D:5      | Entered Level 5 of the Dungeon
  2106 | D:5      | Reached XP level 5. HP: 43/46 MP: 5/5
  2147 | D:5      | Noticed an ice beast
  2150 | D:5      | Killed an ice beast
  2151 | D:5      | Reached skill level 1 in Invocations
  2180 | D:5      | Reached skill level 6 in Axes
  2180 | D:5      | Reached XP level 6. HP: 47/52 MP: 7/7
  2262 | D:5      | Found an iron altar of Okawaru.
  2482 | D:4      | Noticed Robin
  2523 | D:4      | Killed Robin
  2535 | D:4      | Found a stormy altar of Qazlal.
  2547 | D:4      | Reached *** piety under Zin
  3043 | D:4      | Reached **** piety under Zin
  3056 | D:4      | Reached skill level 7 in Axes
  3255 | D:4      | Noticed an orc warrior
  3268 | D:4      | Reached XP level 7. HP: 23/59 MP: 8/8
  3272 | D:4      | Mangled by an orc warrior

Illustrated notes

Levels and vault maps discovered:
D:1:      saegor_arrival_fortress, layout_loops_ring, hangedman_feature_mirror
D:2:      layout_loops_ring, serial_shops, shop, basic_altar,
          basic_ecumenical_altar, minmay_strange_pillars
D:3:      layout_basic, serial_shops, shop, hex_large
D:4:      layout_rooms, amcnicky_altar_gilded, minmay_temple_entry_antechambers,
          serial_shops, shop_statue, uniq_robin, uniq_menkaure
D:5:      layout_basic, okawaru_gym_becter

Skill      XL: |  1  2  3  4  5  6 |
---------------+-------------------+-----
Axes           | 3 4 5 6 7 |  7.2
Armour         | 4 |  4.1
Shields        | 4 |  4.5
Invocations    | 1 2 |  2.2
Fighting       | 4 |  4.2

Action                     |  1- 3 |  4- 6 |  7- 9 || total
---------------------------+-------+-------+-------++-------
  Melee: War axe           |   112 |   191 |     4 ||   307
  Throw: Javelin           |       |     3 |       ||     3
 Invoke: Recite            |       |     7 |       ||     7
         Vitalisation      |       |       |     1 ||     1
  Evoke: Wand              |       |     5 |       ||     5
    Use: Scroll            |       |     8 |       ||     8
         Potion            |       |     1 |       ||     1
   Stab: Confused          |       |     1 |       ||     1
 Armour: Scale mail        |    95 |    27 |       ||   122
         Leather armour    |       |    68 |     3 ||    71
  Dodge: Dodged            |    60 |   154 |     3 ||   217
  Block: Buckler           |    33 |   112 |     5 ||   150
         Reflection        |       |     2 |       ||     2

Table legend: (Time is in decaauts)
 A = Elapsed time spent in this place.
 B = Non-inter-level travel time spent in this place.
 C = Inter-level travel time spent in this place.
 D = Time resting spent in this place.
 E = Time spent auto-exploring this place.
 F = Levels seen in this place.
 G = Mean time per level.
                   A        B        C        D        E       F      G
               +--------+--------+--------+--------+--------+-----+--------+
         Total |   3358 |   3194 |    164 |     30 |   2368 |   5 |  671.6 |
       Dungeon |   3358 |   3194 |    164 |     30 |   2368 |   5 |  671.6 |
               +--------+--------+--------+--------+--------+-----+--------+

Top non-repeatable levels by time:
     D:1: 908 daAuts
     D:2: 880 daAuts
     D:3: 789 daAuts
     D:5: 402 daAuts
     D:4: 378 daAuts
